 Dungeon Crawl Stone Soup version 0.28.0-53-g5a82cb258f (webtiles) character file.

Game seed: 10277783077206027293

237 Revguard the Chopper (level 5, -3/39 HPs)
             Began as a Demonspawn Gladiator on July 7, 2022.
             Slain by a gnoll
             ... wielding a +0 spear
              (5 damage)
             ... on level 3 of the Dungeon.
             The game lasted 00:04:53 (2988 turns).

Revguard the Chopper (Demonspawn Gladiator)         Turns: 2988, Time: 00:04:53

Health: -3/39      AC:  7    Str: 16    XL:     5   Next: 77%
Magic:  6/6        EV:  8    Int:  9    God:
Gold:   69         SH: 12    Dex: 15    Spells: 4/4 levels left

rFire   . . .      SeeInvis .   a - +0 war axe
rCold   . . .      Faith    .   f - +0 kite shield
rNeg    . . .      Spirit   .   l - +0 scale mail
rPois   .          Reflect  .   c - +0 helmet
rElec   .          Harm     .   (no cloak)
rCorr   .          Rampage  .   (no gloves)
Will    .....                   (no boots)
Stlth   ..........              (no amulet)
HPRegen 0.13/turn               (no ring)
MPRegen 0.10/turn               (no ring)

@: brilliant, flying
A: condensation shield, weakness stinger 1
a: no special abilities


You were on level 3 of the Dungeon.
You visited 1 branch of the dungeon, and saw 3 of its levels.

You collected 69 gold pieces.

Inventory:

Hand Weapons
 a - a +0 war axe (weapon)
Missiles
 d - 2 throwing nets (quivered)
Armour
 c - a +0 helmet (worn)
 f - a +0 kite shield (worn)
 l - a +0 scale mail (worn)
Jewellery
 e - a ring of magical power
Scrolls
 g - a scroll of amnesia {unknown}
 j - a scroll of holy word {unknown}
 k - a scroll of fear {unknown}
 m - a scroll of teleportation {unknown}
 o - a scroll of identify {unknown}
 p - 4 scrolls of acquirement {unknown}
 q - a scroll of magic mapping {unknown}
 r - a scroll of noise {unknown}
Potions
 i - a potion of invisibility {unknown}
 n - a potion of attraction {unknown}


   Skills:
 + Level 2.7 Fighting
 + Level 3.3 Axes
 - Level 1.7 Throwing
 * Level 2.4 Armour
 + Level 3.2 Dodging
 + Level 1.4 Shields
 + Level 2.3 Invocations
 + Level 1.7 Evocations


You had 4 spell levels left.
You didn't know any spells.
Your spell library was empty.

Dungeon Overview and Level Annotations

Branches:
Dungeon (3/15)

Altars:

Shops:
D:1 =


Innate Abilities, Weirdness & Mutations

A meltable shield of frost defends you. (SH +4)
You have a small tail.


Message History

Found 7 gold pieces.
The gnoll throws a throwing net.
You block the throwing net.
You see here a throwing net.
The gnoll hits you from afar with a +0 spear.
Found a robe.
The gnoll misses you.
You barely miss the gnoll shaman.
Your tail-slap misses the gnoll shaman.
You closely miss the gnoll. You hit the gnoll.
The gnoll hits you but does no damage. You block the gnoll's attack.
The gnoll hits you but does no damage. The gnoll barely misses you.
The gnoll hits you but does no damage. You block the gnoll shaman's attack.
You hit the gnoll shaman.
The gnoll shaman is lightly wounded.
You barely miss the gnoll. You hit the gnoll.
The gnoll hits you from afar with a +0 spear!
The gnoll shaman invokes the aid of its god against you.
You resist with some effort. You block the gnoll's attack.
The gnoll hits you with a +0 flail!
The gnoll hits you from afar with a +0 spear.
You hit the gnoll shaman but do no damage.
The gnoll shaman is lightly wounded.
You closely miss the gnoll. You hit the gnoll but do no damage.
The gnoll shaman closely misses you. You block the gnoll's attack.
The gnoll hits you with a +0 flail!
* * * LOW HITPOINT WARNING * * *
The gnoll hits you from afar with a +0 spear.
* * * LOW HITPOINT WARNING * * *
You block the gnoll's attack.
The gnoll shaman calls upon its god to speed up the gnoll.
The gnoll seems to speed up.
The gnoll hits you with a +0 spear.
* * * LOW HITPOINT WARNING * * *
It was a potion of flight.
You feel very buoyant.
You fly up into the air.
You block the gnoll's attack. The gnoll hits you with a +0 spear.
* * * LOW HITPOINT WARNING * * *
You block the gnoll's attack.
It was a potion of brilliance.
You feel clever all of a sudden.
The gnoll hits you from afar with a +0 spear.
You die...

.##..# .###.# .#
.###.### .#
.......###### ###$##
............# #....#
.......####.# #....#
..........#.# #.g..#
.####.#.#.#.# #g.g.####.
.......†....# ##@g......
#...#..######.#..#.[...#
#.....(.........(# ....#
....###.#####.##(## ..##
#.....).......<#..# .#
#....###.####.##..## #
#....# #.# #.##...#
##.#.# #.# #.##...##
#.#.###.####.##....#..#


You could see a gnoll shaman and 3 gnolls.

Vanquished Creatures
  An ogre (D:3)
  Terence (D:2)
  8 adders
  3 dart slugs
  2 endoplasms (D:2)
  2 giant cockroaches
  7 goblins
  7 hobgoblins
  3 jackals (D:2)
  2 quokkas (D:2)
  2 ball pythons
  6 bats
  3 frilled lizards
  2 kobolds (D:3)
  8 rats
57 creatures vanquished.

Notes
Turn   | Place    | Note
-------+----------+-------------------------------------------
     0 | D:1      | Revguard the Demonspawn Gladiator began the quest for the
                  | Orb.
     0 | D:1      | Reached XP level 1. HP: 16/16 MP: 1/1
    78 | D:1      | Found Ceiddane's Jewellery Boutique.
   251 | D:1      | Gained mutation: A meltable shield of frost defends you.
                  | (SH +4) [demonic ancestry]
   251 | D:1      | Reached XP level 2. HP: 12/22 MP: 2/2
  1030 | D:2      | Reached skill level 1 in Armour
  1030 | D:2      | Reached XP level 3. HP: 20/27 MP: 3/3
  1154 | D:2      | Noticed Terence
  1165 | D:2      | Killed Terence
  1166 | D:2      | Reached skill level 1 in Invocations
  1166 | D:2      | Reached skill level 1 in Evocations
  1325 | D:2      | Gained mutation: You have a small tail. [demonic ancestry]
  1325 | D:2      | Reached XP level 4. HP: 7/34 MP: 4/4
  1823 | D:2      | Reached skill level 1 in Shields
  2076 | D:2      | Found a faded altar of an unknown god.
  2535 | D:3      | Reached XP level 5. HP: 39/39 MP: 6/6
  2577 | D:3      | Noticed an ogre
  2586 | D:3      | Killed an ogre
  2988 | D:3      | Slain by a gnoll

Illustrated notes

Levels and vault maps discovered:
D:1:      dpeg_arrival_lava_temple_mockup, layout_rooms, serial_shops, shop,
          roderic_roman_lattice
D:2:      layout_basic, hellmonk_ecumenical_altar_zigzags, uniq_terence
D:3:      layout_basic, minivault_23, minmay_unequal

Skill      XL: |  1  2  3  4  5 |
---------------+----------------+-----
Armour         | 1 2 |  2.4
Axes           | 3 |  3.3
Invocations    | 1 2 |  2.3
Evocations     | 1 |  1.7
Dodging        | 3 |  3.2
Shields        | 1 |  1.4
Fighting       | |  2.7
Throwing       | |  1.7

Action                   |  1- 3 |  4- 6 || total
-------------------------+-------+-------++-------
Melee: War axe           |    81 |    84 ||   165
       Tailslap          |       |    10 ||    10
Throw: Throwing net      |       |     1 ||     1
  Use: Potion            |       |     2 ||     2
Armor: Leather armour    |    27 |       ||    27
       Scale mail        |    10 |    40 ||    50
Dodge: Dodged            |    53 |    35 ||    88
Block: Kite shield       |    45 |    62 ||   107
